 Dungeon Crawl Stone Soup version 0.16-a0-2989-gec99a28 (webtiles) character file.

41218 Gorice the Gelid (level 13, -9/63 HPs)
             Began as a Deep Elf Ice Elementalist on Dec 1, 2014.
             Was the Champion of Sif Muna.
             Hit by a large rock thrown by a cyclops (19 damage)
             ... on level 15 of the Dungeon on Dec 6, 2014.
             The game lasted 03:04:41 (19432 turns).

Gorice the Gelid (Deep Elf Ice Elementalist)       Turns: 19432, Time: 03:04:42

Health: -9/63      AC: 16    Str:  9    XL:     13   Next: 78%
Magic:  3/45       EV: 18    Int: 26    God:    Sif Muna [******]
Gold:   977        SH:  0    Dex: 14    Spells: 8 memorised, 9 levels left

rFire  . . .     SeeInvis .     a - +8 dagger "Duwozuid" {freeze, rElec}
rCold  . . .     Clarity  .     n - +2 leather armour {rPois}
rNeg   . . .     SustAb   .     (no shield)
rPois  +         Gourm    +     t - +2 hat
rElec  +         Spirit   .     L - +0 cloak
rCorr  .         Warding  .     j - +0 pair of gloves
rMut   .         Stasis   .     q - +2 pair of boots {Fly}
MR     +....                    I - amulet of the gourmand
Stlth  ++........               G - +4 ring of strength
                                h - ring of magical power

@: flying, somewhat resistant to hostile enchantments, unstealthy
A: rough black scales 1
a: Channel Energy, Forget Spell, Renounce Religion, Stop Flying


You were on level 15 of the Dungeon.
You worshipped Sif Muna.
Sif Muna was exalted by your worship.
You were full.

You visited 3 branches of the dungeon, and saw 19 of its levels.

You collected 1112 gold pieces.
You spent 135 gold pieces at shops.

Inventory:

Hand weapons
 a - the +8 dagger "Duwozuid" (weapon) {freeze, rElec}
   (You found it on level 4 of the Dungeon)

   It has been specially enchanted to freeze those struck by it, causing extra
   injury to most foes and up to double damage against particularly susceptible
   opponents.
   It can also slow down cold-blooded creatures.
   It insulates you from electricity.
 e - a +1 rapier of electrocution
 B - a cursed +0 blowgun
 C - a +4 scimitar of freezing
 J - a +2 dagger of venom
 Q - a +1 short sword of venom
Missiles
 k - 13 curare-tipped needles
 W - 14 javelins (quivered)
 Y - 5 throwing nets
 Z - 57 stones
Armour
 j - a +0 pair of gloves (worn)
 n - a +2 leather armour of poison resistance (worn)
 q - a +2 pair of boots of flying (worn)
 t - a +2 hat (worn)
 L - a +0 cloak (worn)
Jewellery
 h - a ring of magical power (left hand)
 u - an uncursed ring of see invisible
 G - a +4 ring of strength (right hand)
 H - an uncursed ring of ice
 I - an amulet of the gourmand (around neck)
 P - an uncursed ring of teleportation
 R - an uncursed ring of protection from cold
Magical devices
 o - a wand of disintegration (7)
 p - a wand of paralysis (13)
 s - a wand of teleportation (2)
 y - a wand of disintegration (13)
 z - a wand of fireball (0)
 A - a wand of disintegration (12)
 O - a wand of invisibility (2)
Scrolls
 b - a scroll of torment {unknown}
 l - 4 scrolls of teleportation
 m - a scroll of fear
 v - 2 scrolls of identify
 x - a scroll of remove curse
 F - a scroll of recharging
 M - a scroll of fog {unknown}
Potions
 d - a potion of resistance
 g - a potion of restore abilities
 i - 4 potions of might
 r - 5 potions of curing
 w - 2 potions of brilliance
 D - 4 potions of agility
 K - a potion of magic
Books
 c - Sif Muna's Volume of Confrontation and Beguiling
   (Sif Muna gifted it to you on level 14 of the Dungeon)

   Spells                             Type                      Level
   a - Shock                          Conjuration/Air              1
   b - Dazzling Spray                 Conjuration/Hexes            3
   c - Fulminant Prism                Conjuration/Hexes            4
   d - Irradiate                      Conjuration/Transmutation    5
   e - Orb of Destruction             Conjuration                  7
Miscellaneous
 N - a sack of spiders
 V - a fan of gales
Comestibles
 f - 4 fruits
 E - 9 meat rations
 S - 14 chunks of flesh


   Skills:
 + Level 12.0 Dodging
 - Level 2.4 Stealth
 + Level 12.9 Spellcasting
 * Level 14.7 Conjurations
 - Level 15.0 Ice Magic


You had 9 spell levels left.
You knew the following spells:

 Your Spells              Type           Power        Failure   Level  Hunger
a - Freeze                Ice            ####         0%          1    None
b - Throw Frost           Conj/Ice       ######       0%          2    None
c - Ozocubu's Armour      Chrm/Ice       ######..     1%          3    None
d - Throw Icicle          Conj/Ice       #######.     1%          4    None
e - Summon Ice Beast      Ice/Summ       ######..     1%          4    None
f - Condensation Shield   Ice            #######...   1%          4    None
g - Sticky Flame          Conj/Fire      ######..     1%          4    None
h - Bolt of Cold          Conj/Ice       #######...   1%          6    #####..


Dungeon Overview and Level Annotations

Branches:
Dungeon (15/15)            Temple (1/1) D:4            Lair (3/8) D:9
    Orc (0/4) D:9          Vaults (0/5) D:13
  Swamp: Lair:3-6    Shoals: Lair:3-6     Snake: Lair:3-6    Spider: Lair:3-6
 Depths: D:15

Altars:
Ashenzari
Cheibriados
Dithmenos
Elyvilon
Fedhas
Gozag
Kikubaaqudgha
Makhleb
Nemelex Xobeh
Okawaru
Qazlal
Ru
Sif Muna
Trog
Vehumet
Xom
Yredelemnul
Zin
The Shining One
Beogh

Shops:
D:9 *

Annotations:
Lair:1 exclusion: 2 oklob plants
Lair:3 Rupert!, Rupert


Innate Abilities, Weirdness & Mutations

You are partially covered in rough black scales (AC +4, Dex -1).


Message History

The shard of ice hits the sheep.
You kill the sheep!
The cyclops throws a large rock.
The large rock hits you!!
* * * LOW HITPOINT WARNING * * *
Casting: Throw Icicle
Confirm with . or Enter, or press ? or * to list all spells.
Aiming: Throw Icicle
Press: ? - help, Shift-Dir - straight line, f/p - cyclops
Aim: a cyclops The shard of ice hits the cyclops.
The cyclops is moderately wounded.
Casting: Throw Icicle
Confirm with . or Enter, or press ? or * to list all spells.
Aiming: Throw Icicle
Press: ? - help, Shift-Dir - straight line, f/p - cyclops
Aim: a cyclops (moderately wounded)
The shard of ice hits the cyclops.
The cyclops is severely wounded.
The cyclops throws a large rock.
The large rock hits you!!
You die...

###.....########.....
#.'.....# #.....
#.#.....# #..)..
#.'.....# #.....
###.....# #.....
#.....# #.....
#.....# #.....
#.....# #.....
#.@...# #.....
#.....# #.....
#.YC...### #.....
#.####.# #..... # .#
####.. +# ##. #. #(
##


You could see a cyclops and a sheep.

Vanquished Creatures
  Donald (D:12)
  A yaktaur captain (D:10)
  4 hydras
  Harold (D:15)
  3 centaur warriors (D:14)
  Urug (D:12)
  A skeletal warrior (D:12)
  7 hill giants
  A faun (shapeshifter) (D:15)
  A manticore (D:14)
  An ugly thing (D:12)
  3 cyclopes
  5 spiny frogs
  2 fire drakes
  A kobold demonologist (D:14)
  A gargoyle (D:14)
  A black mamba (Lair:2)
  4 komodo dragons
  A two-headed ogre (D:9)
  A slime creature (D:12)
  A troll (D:12)
  5 blink frogs (Lair:2)
  3 basilisks
  A spriggan (Lair:2)
  2 wyverns
  2 shadows
  A hog (D:7)
  A vampire (D:15)
  3 wraiths
  4 deep elf magi
  A steam dragon (D:7)
  16 yaks
  2 hungry ghosts
  17 humans
  8 hippogriffs
  6 water moccasins
  Menkaure (D:4)
  A mottled dragon (D:13)
  4 ice beasts
  7 porcupines
  A necrophage (D:14)
  2 phantoms
  9 orc warriors
  A yellow wasp (D:13)
  7 ogres
  10 centaurs
  4 sky beasts
  8 crocodiles
  Duvessa (D:4)
  The ghost of dadoka the Stinger, an average OpVM (D:3)
  A big kobold (D:11)
  17 giant frogs
  3 scorpions
  2 wyvern skeletons
  The ghost of asdu the Chopper, a weakling DDGl (D:4)
  9 killer bees (D:12)
  An electric eel (D:7)
  5 wights (D:9)
  8 crimson imps
  A goliath beetle (D:6)
  Dowan (D:4)
  A giant frog zombie (D:12)
  11 jellies
  2 centaur zombies
  8 hounds
  2 giant frog skeletons
  7 iguanas
  11 orc priests
  4 centaur skeletons
  12 orc wizards
  13 worker ants
  A killer bee zombie (D:6)
  5 sheep
  Ijyb (D:6)
  A mummy (D:10)
  2 worker ant zombies
  2 gnolls (D:13)
  16 adders
  A giant mite (D:1)
  2 shadow imps
  12 white imps (Lair:2)
  A worm (D:2)
  4 adder skeletons
  16 oozes
  76 orcs
  4 bat skeletons
  A bat zombie (D:9)
  6 giant cockroaches
  16 hobgoblins
  27 jackals
  10 quokkas
  A ball python (D:3)
  A ball python skeleton (D:4)
  22 bats
  5 giant geckos
  10 giant newts
  2 giant spores
  10 goblins
  3 jackal skeletons
  15 kobolds
  A quokka skeleton (D:5)
  10 rats
  3 ballistomycetes (D:11)
  A plant (D:7)
579 creatures vanquished.

Vanquished Creatures (collateral kills)
  Nessos (D:15)
  A centaur warrior (D:15)
  A centaur zombie (D:15)
  2 trolls
  An orc warrior (D:8)
  2 centaurs (D:15)
  An orc wizard (D:9)
  An orc (D:9)
10 creatures vanquished.

Vanquished Creatures (others)
  5 ice beasts
  3 fungi (D:12)
8 creatures vanquished.

Grand Total: 597 creatures vanquished

Notes
Turn   | Place    | Note
--------------------------------------------------------------
     0 | D:1      | Gorice, the Deep Elf Ice Elementalist, began the quest for the Orb.
     0 | D:1      | Reached XP level 1. HP: 10/10 MP: 5/5
   141 | D:1      | Reached XP level 2. HP: 15/15 MP: 4/8
   416 | D:1      | Learned a level 2 spell: Throw Frost
   794 | D:1      | Reached XP level 3. HP: 16/19 MP: 0/11
   805 | D:1      | Reached skill level 4 in Ice Magic
  1243 | D:1      | Learned a level 3 spell: Ozocubu's Armour
  1353 | D:2      | Reached XP level 4. HP: 24/24 MP: 5/14
  1723 | D:2      | Upgraded the game from 0.16-a0-2914-g4ae3da0 to 0.16-a0-2939-g3ffa1c3
  1755 | D:3      | Noticed dadoka's ghost (average OpVM)
  1968 | D:3      | Killed dadoka's ghost
  1968 | D:3      | Reached XP level 5. HP: 17/28 MP: 1/18
  2136 | D:3      | Gained mutation: You are partially covered in rough black scales (AC +4, Dex -1). [potion of beneficial mutation]
  2160 | D:3      | Found a radiant altar of Vehumet.
  2160 | D:3      | Found a bloodstained altar of Trog.
  2377 | D:3      | Upgraded the game from 0.16-a0-2939-g3ffa1c3 to 0.16-a0-2955-gfa193e0
  2407 | D:3      | Reached skill level 5 in Ice Magic
  2563 | D:3      | Reached XP level 6. HP: 32/32 MP: 20/20
  3093 | D:4      | Noticed Duvessa
  3302 | D:4      | Found a blossoming altar of Fedhas.
  3368 | D:4      | Got a crude dagger
  3369 | D:4      | Identified the +8 dagger "Duwozuid" {freeze, rElec} (You found it on level 4 of the Dungeon)
  3398 | D:4      | Found a staircase to the Ecumenical Temple.
  3407 | Temple   | Entered the Ecumenical Temple
  3448 | Temple   | Became a worshipper of Sif Muna the Loreminder
  3501 | D:4      | Noticed Dowan
  3521 | D:4      | Killed Dowan
  3533 | Temple   | Learned a level 4 spell: Throw Icicle
  3749 | D:4      | Noticed Menkaure
  3756 | D:5      | Entered Level 5 of the Dungeon
  3827 | D:5      | Noticed a hippogriff
  3852 | D:5      | Killed a hippogriff
  3928 | D:5      | Reached XP level 7. HP: 32/36 MP: 22/22
  4134 | D:5      | Reached skill level 6 in Ice Magic
  4348 | D:5      | Reached skill level 5 in Spellcasting
  4395 | D:5      | Acquired Sif Muna's first power
  4639 | D:6      | Reached skill level 5 in Dodging
  4665 | D:6      | Reached skill level 5 in Conjurations
  4729 | D:6      | Noticed Ijyb
  4739 | D:6      | Killed Ijyb
  4811 | D:6      | Reached XP level 8. HP: 41/41 MP: 18/24
  4843 | D:6      | Reached skill level 7 in Ice Magic
  5094 | D:6      | Acquired Sif Muna's second power
  5536 | D:6      | Found a glowing silver altar of Zin.
  5542 | D:6      | Found a blossoming altar of Fedhas.
  5545 | D:6      | Found a sacrificial altar of Ru.
  5918 | D:7      | Found a shattered altar of Ashenzari.
  5918 | D:7      | Found a glowing golden altar of the Shining One.
  5919 | D:7      | Found a stormy altar of Qazlal.
  5921 | D:7      | Found a white marble altar of Elyvilon.
  5922 | D:7      | Found a burning altar of Makhleb.
  6038 | D:7      | Reached skill level 8 in Ice Magic
  6206 | D:7      | Reached XP level 9. HP: 45/45 MP: 27/27
  6222 | D:7      | Learned a level 4 spell: Summon Ice Beast
  6859 | D:8      | Reached skill level 9 in Ice Magic
  7279 | D:7      | Acquired Sif Muna's third power
  8089 | D:8      | Reached XP level 10. HP: 13/50 MP: 21/29
  8158 | D:8      | Learned a level 4 spell: Condensation Shield
  8333 | D:9      | Reached skill level 10 in Ice Magic
  8909 | D:9      | Found Jiraduatz's Assorted Antiques.
  8927 | D:9      | Bought a pair of glowing boots for 135 gold pieces
  9033 | D:9      | Reached skill level 10 in Conjurations
  9064 | D:9      | Upgraded the game from 0.16-a0-2955-gfa193e0 to 0.16-a0-2979-g562a0a4
  9089 | D:9      | Found a staircase to the Lair.
  9099 | D:9      | Found a roughly hewn altar of Beogh.
  9302 | D:9      | Found a staircase to the Orcish Mines.
  9508 | D:9      | Reached skill level 11 in Ice Magic
  9742 | Lair:1   | Entered Level 1 of the Lair of Beasts
  9770 | Lair:1   | Received a gift from Sif Muna
  9775 | Lair:1   | Identified Sif Muna's Papyrus of Icy Attacks (Sif Muna gifted it to you on level 1 of the Lair of Beasts)
  9863 | Lair:1   | Noticed a six-headed hydra
  9868 | Lair:1   | Killed a six-headed hydra
  9868 | Lair:1   | Reached XP level 11. HP: 54/54 MP: 20/32
 10277 | Lair:1   | Noticed an oklob plant
 10424 | Lair:1   | Noticed an oklob plant
 10465 | Lair:1   | Reached skill level 12 in Ice Magic
 10496 | Lair:1   | Reached skill level 10 in Spellcasting
 10668 | Lair:1   | You fall through a shaft!
 11008 | Lair:2   | Received a gift from Sif Muna
 11009 | Lair:2   | Identified Sif Muna's Collected Works on Burning Confrontation (Sif Muna gifted it to you on level 2 of the Lair of Beasts)
 11015 | Lair:2   | Learned a level 4 spell: Sticky Flame
 11231 | Lair:2   | Found a frozen archway.
 11675 | Lair:2   | Reached XP level 12. HP: 59/59 MP: 32/33
 11948 | Lair:1   | Learned a level 6 spell: Bolt of Cold
 12025 | Lair:3   | Reached skill level 10 in Dodging
 12077 | Lair:3   | Got a smoking falchion
 12099 | Lair:3   | Noticed a four-headed hydra
 12104 | Lair:3   | Noticed an eight-headed hydra
 12106 | Lair:3   | Killed a four-headed hydra
 12106 | Lair:3   | Reached skill level 13 in Ice Magic
 12107 | Lair:3   | Noticed Rupert
 12140 | Lair:3   | Killed an eight-headed hydra
 12305 | D:10     | Entered Level 10 of the Dungeon
 12370 | D:10     | Noticed a yaktaur captain
 13079 | D:10     | Killed a yaktaur captain
 14350 | D:12     | Noticed Urug
 14353 | D:12     | Paralysed by Urug for 5 turns
 14361 | D:12     | Paralysed by Urug for 5 turns
 14367 | D:12     | Paralysed by Urug for 4 turns
 14371 | D:12     | Killed Urug
 14371 | D:12     | Received a gift from Sif Muna
 14372 | D:12     | Identified Sif Muna's Reference Book on Battle Magic and Toxins (Sif Muna gifted it to you on level 12 of the Dungeon)
 14765 | D:12     | Got a crude falchion
 15353 | D:12     | Reached skill level 14 in Ice Magic
 15520 | Lair:1   | Identified the +7 falchion of Infinite Pain {slice, Str+3} (You found it on level 3 of the Lair of Beasts)
 15521 | Lair:1   | Identified the +8 falchion "Rocip" {speed, *Rage rElec rF+} (You found it on level 12 of the Dungeon)
 15596 | D:13     | Found a gate to the Vaults.
 15596 | D:13     | Noticed Donald
 15922 | D:13     | Reached XP level 13. HP: 63/63 MP: 19/35
 16029 | D:12     | HP: 3/63 [Donald/scimitar of freezing (7)]
 17090 | D:12     | Killed Donald
 17930 | D:14     | Received a gift from Sif Muna
 17931 | D:14     | Identified Sif Muna's Volume of Confrontation and Beguiling (Sif Muna gifted it to you on level 14 of the Dungeon)
 17969 | D:14     | Upgraded the game from 0.16-a0-2979-g562a0a4 to 0.16-a0-2989-gec99a28
 18616 | D:4      | Killed Menkaure
 18633 | D:4      | Noticed asdu's ghost (weakling DDGl)
 18637 | D:4      | Killed asdu's ghost
 18765 | D:4      | Killed Duvessa
 18822 | D:4      | Found an iron altar of Okawaru.
 19096 | D:15     | Entered Level 15 of the Dungeon
 19225 | D:15     | Noticed Nessos
 19233 | D:15     | Killed Nessos
 19233 | D:15     | Reached skill level 15 in Ice Magic
 19358 | D:15     | Noticed Harold
 19371 | D:15     | Killed Harold
 19432 | D:15     | Hit by a large rock thrown by a cyclops

Action                   |  1- 3 |  4- 6 |  7- 9 | 10-12 | 13-15 || total
-------------------------+-------+-------+-------+-------+-------++-------
Melee: Short sword       |    58 |     1 |       |       |       ||    59
       Dagger            |       |     5 |    77 |   109 |    11 ||   202
       Hunting sling     |       |       |     1 |       |       ||     1
 Fire: Hunting sling     |       |   141 |   171 |    89 |       ||   401
       Blowgun           |       |       |     3 |     1 |       ||     4
 Cast: Freeze            |    29 |    58 |    83 |   109 |     4 ||   283
       Throw Frost       |    21 |    15 |    16 |    55 |     7 ||   114
       Ozocubu's Armour  |       |     2 |    21 |    14 |     9 ||    46
       Throw Icicle      |       |       |    57 |   297 |   155 ||   509
       Summon Ice Beast  |       |       |     6 |     2 |     3 ||    11
       Condensation Shie |       |       |       |     8 |    11 ||    19
       Sticky Flame      |       |       |       |    28 |     9 ||    37
       Bolt of Cold      |       |       |       |     7 |     1 ||     8
Invok: Channel Energy    |       |       |     2 |   446 |   261 ||   709
 Abil: Evoke Flight      |       |       |       |     1 |       ||     1
Evoke: Wand              |       |       |       |     1 |       ||     1
  Use: Scroll            |     4 |     7 |    10 |    11 |     2 ||    34
       Potion            |       |     3 |     2 |       |     5 ||    10
 Stab: Sleeping          |     4 |       |     1 |       |       ||     5
  Eat: Chunk             |     2 |     8 |    28 |    96 |    45 ||   179
       Beef jerky        |       |       |       |       |     1 ||     1
